TOP OF THE 1ST |
San Juan Pitorros batting - Pitching for Bridgetown Tridents : LHP Jimmy Key
|
Pitching: LHP Jimmy Key
|
|
Batting: RHB Rafael Ramirez
|
0-0: Foul Ball, location: 2F 0-1: Ground out 6-3 (Groundball, 6, EV 79.4 MPH)
|
Batting: RHB Jim Opie
|
0-0: Called Strike 0-1: SINGLE (Flyball, 78S, EV 96.3 MPH)
|
Batting: SHB Dave Cochrane
|
0-0: Ball 1-0: Ball 2-0: Ball 3-0: Called Strike 3-1: Foul Ball, location: 2F 3-2: SINGLE (Line Drive, 89S, EV 105.0 MPH) Jim Opie to second
|
Batting: LHB Franklin Stubbs
|
0-0: Ball 1-0: Ball 2-0: Foul Ball, location: 2F 2-1: Ball 3-1: Foul Ball, location: 2F 3-2: Foul Ball, location: 2F 3-2: Foul Ball, location: 2F 3-2: Fly out, F8 (Flyball, 8RM, EV 90.0 MPH)
|
Batting: RHB Chris Brown
|
0-0: TRIPLE (Flyball, 9LD, EV 104.4 MPH) Jim Opie scores Dave Cochrane scores
|
Batting: RHB Jose Castro
|
0-0: Called Strike 0-1: DOUBLE (Line Drive, 7LS, EV 96.9 MPH) Chris Brown scores
|
Batting: RHB Brian Harper
|
0-0: Ball 1-0: Fly out, F8 (Flyball, 8RM, EV 79.4 MPH)
|
Top of the 1st over - 3 runs, 4 hits, 0 errors, 1 left on base; San Juan 3 - Bridgetown 0 |
BOTTOM OF THE 1ST |
Bridgetown Tridents batting - Pitching for San Juan Pitorros : RHP Jim Acker
|
Pitching: RHP Jim Acker
|
|
Batting: SHB Harold Reynolds
|
0-0: Foul Ball, location: 2F 0-1: Called Strike 0-2: Ball 1-2: Strikes out swinging
|
Batting: RHB Cal Ripken
|
0-0: Fly out, F9 (Flyball, 9LD, EV 97.5 MPH)
|
Batting: RHB Andres Galarraga
|
0-0: Fly out, F6 (Popup, 6MS, EV 66.3 MPH)
|
Bottom of the 1st over - 0 runs, 0 hits, 0 errors, 0 left on base; San Juan 3 - Bridgetown 0 |
TOP OF THE 2ND |
San Juan Pitorros batting - Pitching for Bridgetown Tridents : LHP Jimmy Key
|
Batting: SHB Kevin King
|
0-0: Fly out, F9 (Flyball, 9LM, EV 93.1 MPH)
|
Batting: LHB Pat Dodson
|
0-0: Called Strike 0-1: Ball 1-1: Ball 2-1: Ball 3-1: Foul Ball, location: 2F 3-2: Ground out 4-3 (Groundball, 4, EV 87.5 MPH)
|
Batting: RHB Rafael Ramirez
|
0-0: Fly out, F8 (Flyball, 8RS, EV 89.4 MPH)
|
Top of the 2nd over - 0 runs, 0 hits, 0 errors, 0 left on base; San Juan 3 - Bridgetown 0 |
BOTTOM OF THE 2ND |
Bridgetown Tridents batting - Pitching for San Juan Pitorros : RHP Jim Acker
|
Batting: RHB Dave Meier
|
0-0: Ground out 6-3 (Groundball, 6, EV 86.9 MPH)
|
Batting: LHB Darryl Strawberry
|
0-0: Ball 1-0: Swinging Strike 1-1: Called Strike 1-2: Foul Ball, location: 2F 1-2: Fly out, F7 (Flyball, 7, EV 85.0 MPH)
|
Batting: RHB Fritzie Connally
|
0-0: Ball 1-0: Swinging Strike 1-1: Called Strike 1-2: Ball 2-2: Foul Ball, location: 2F 2-2: Ball 3-2: Strikes out swinging
|
Bottom of the 2nd over - 0 runs, 0 hits, 0 errors, 0 left on base; San Juan 3 - Bridgetown 0 |
TOP OF THE 3RD |
San Juan Pitorros batting - Pitching for Bridgetown Tridents : LHP Jimmy Key
|
Batting: RHB Jim Opie
|
0-0: Ball 1-0: Swinging Strike 1-1: Ball 2-1: Foul Ball, location: 2F 2-2: Foul Ball, location: 2F 2-2: Ball 3-2: Strikes out swinging
|
Batting: SHB Dave Cochrane
|
0-0: Fly out, F8 (Flyball, 8LD, EV 83.8 MPH)
|
Batting: LHB Franklin Stubbs
|
0-0: Called Strike 0-1: Swinging Strike 0-2: Foul Ball, location: 2F 0-2: Ball 1-2: Ball 2-2: SINGLE (Flyball, 9S, EV 91.9 MPH)
|
Batting: RHB Chris Brown
|
0-0: Ground out 6-3 (Groundball, 6M, EV 80.6 MPH)
|
Top of the 3rd over - 0 runs, 1 hit, 0 errors, 1 left on base; San Juan 3 - Bridgetown 0 |
BOTTOM OF THE 3RD |
Bridgetown Tridents batting - Pitching for San Juan Pitorros : RHP Jim Acker
|
Batting: LHB Paul O'Neill
|
0-0: Called Strike 0-1: Called Strike 0-2: Ball 1-2: Ball 2-2: Foul Ball, location: 2F 2-2: Ball 3-2: Strikes out swinging
|
Batting: RHB Jose Canseco
|
0-0: Ball 1-0: SINGLE (Line Drive, 9S, EV 95.6 MPH)
|
Batting: LHB Thad Bosley
|
0-0: SINGLE (Line Drive, 7LS, EV 105.6 MPH) Jose Canseco to second
|
Batting: SHB Harold Reynolds
|
0-0: Called Strike 0-1: Foul Ball, location: 2F 0-2: Fly out, F9 (Flyball, 89D, EV 101.3 MPH) Runner from 2nd tags up, SAFE at 3rd, no throw by RF
|
Batting: RHB Cal Ripken
|
0-0: Ball Thad Bosley steals 2nd base 1-0: Ground out 3-1 (Groundball, 34S, EV 85.0 MPH)
|
Bottom of the 3rd over - 0 runs, 2 hits, 0 errors, 2 left on base; San Juan 3 - Bridgetown 0 |
TOP OF THE 4TH |
San Juan Pitorros batting - Pitching for Bridgetown Tridents : LHP Jimmy Key
|
Batting: RHB Jose Castro
|
0-0: Ball 1-0: Called Strike 1-1: Foul Ball, location: 2F 1-2: Strikes out swinging
|
Batting: RHB Brian Harper
|
0-0: SINGLE (Groundball, 5D, EV 95.6 MPH)
|
Batting: SHB Kevin King
|
0-0: Called Strike 0-1: Ball 1-1: Grounds into double play, 4-6-3 (Groundball, 4, EV 88.8 MPH)
|
Top of the 4th over - 0 runs, 1 hit, 0 errors, 0 left on base; San Juan 3 - Bridgetown 0 |
BOTTOM OF THE 4TH |
Bridgetown Tridents batting - Pitching for San Juan Pitorros : RHP Jim Acker
|
Batting: RHB Andres Galarraga
|
0-0: Foul Ball, location: 2F 0-1: Ball 1-1: Ground out U3 (Groundball, 3D, EV 86.3 MPH)
|
Batting: RHB Dave Meier
|
0-0: Called Strike 0-1: Ball 1-1: Fly out, F4 (Popup, 4, EV 72.5 MPH)
|
Batting: LHB Darryl Strawberry
|
0-0: Ball 1-0: Ball 2-0: Ball 3-0: Base on Balls
|
Batting: RHB Fritzie Connally
|
0-0: Ball Darryl Strawberry is caught stealing 2nd base 2-4
|
Bottom of the 4th over - 0 runs, 0 hits, 0 errors, 0 left on base; San Juan 3 - Bridgetown 0 |
TOP OF THE 5TH |
San Juan Pitorros batting - Pitching for Bridgetown Tridents : LHP Jimmy Key
|
Batting: LHB Pat Dodson
|
0-0: Ground out U3 (Groundball, 3, EV 90.0 MPH)
|
Batting: RHB Rafael Ramirez
|
0-0: Called Strike 0-1: Foul Ball, location: 2F 0-2: Ball 1-2: Strikes out looking
|
Batting: RHB Jim Opie
|
0-0: Foul Ball, location: 2F 0-1: Ball 1-1: Foul Ball, location: 2F 1-2: Strikes out swinging
|
Top of the 5th over - 0 runs, 0 hits, 0 errors, 0 left on base; San Juan 3 - Bridgetown 0 |
BOTTOM OF THE 5TH |
Bridgetown Tridents batting - Pitching for San Juan Pitorros : RHP Jim Acker
|
Batting: RHB Fritzie Connally
|
0-0: Ball 1-0: Ball 2-0: Foul Ball, location: 2F 2-1: Ball 3-1: Swinging Strike 3-2: Foul Ball, location: 2F 3-2: Foul Ball, location: 2F 3-2: Strikes out swinging, 2-3 out at first.
|
Batting: LHB Paul O'Neill
|
0-0: Called Strike 0-1: Swinging Strike 0-2: Ball 1-2: Fly out, F7 (Flyball, 7LD, EV 103.8 MPH)
|
Batting: RHB Jose Canseco
|
0-0: Foul Ball, location: 2F 0-1: Ball 1-1: Ball 2-1: Reached on error, E6 (Groundball, 6M, EV 77.5 MPH)
|
Batting: LHB Thad Bosley
|
0-0: Ball 1-0: Swinging Strike 1-1: Called Strike 1-2: Ground out U3 (Groundball, 3L, EV 99.4 MPH)
|
Bottom of the 5th over - 0 runs, 0 hits, 1 error, 1 left on base; San Juan 3 - Bridgetown 0 |
TOP OF THE 6TH |
San Juan Pitorros batting - Pitching for Bridgetown Tridents : LHP Jimmy Key
|
Batting: SHB Dave Cochrane
|
0-0: Called Strike 0-1: Fly out, F8 (Flyball, 78D, EV 108.8 MPH)
|
Batting: LHB Franklin Stubbs
|
0-0: Ball 1-0: Called Strike 1-1: Foul Ball, location: 2F 1-2: Ball 2-2: Ball 3-2: Foul Ball, location: 2F 3-2: Base on Balls
|
Batting: RHB Chris Brown
|
0-0: Ball 1-0: Called Strike 1-1: Foul Ball, location: 2F 1-2: Ball 2-2: Foul Ball, location: 2F Balk! Franklin Stubbs to second 2-2: SINGLE (Flyball, 78S, EV 97.5 MPH) Franklin Stubbs to third Runner from 3rd tries for Home, SAFE, throw by LF to home
|
Batting: RHB Jose Castro
|
0-0: Called Strike 0-1: Called Strike 0-2: Strikes out swinging
|
Batting: RHB Brian Harper
|
0-0: Called Strike 0-1: Called Strike 0-2: Ball 1-2: Fly out, F9 (Line Drive, 9, EV 108.8 MPH)
|
Top of the 6th over - 1 run, 1 hit, 0 errors, 1 left on base; San Juan 4 - Bridgetown 0 |
BOTTOM OF THE 6TH |
Bridgetown Tridents batting - Pitching for San Juan Pitorros : RHP Jim Acker
|
Batting: SHB Harold Reynolds
|
0-0: Ball 1-0: Ball 2-0: Ground out 4-3 (Groundball, 34, EV 102.5 MPH)
|
Batting: RHB Cal Ripken
|
0-0: Foul Ball, location: 2F 0-1: Ball 1-1: Ball 2-1: Swinging Strike 2-2: Strikes out swinging
|
Batting: RHB Andres Galarraga
|
0-0: Ball 1-0: Foul Ball, location: 2F 1-1: Ball 2-1: DOUBLE (Line Drive, 8LD, EV 91.9 MPH) - OUT at third base trying to stretch hit.
|
Bottom of the 6th over - 0 runs, 1 hit, 0 errors, 0 left on base; San Juan 4 - Bridgetown 0 |
TOP OF THE 7TH |
San Juan Pitorros batting - Pitching for Bridgetown Tridents : LHP Jimmy Key
|
Batting: SHB Kevin King
|
0-0: Ball 1-0: Called Strike 1-1: Ground out 5-3 (Groundball, 56S, EV 88.1 MPH)
|
Batting: LHB Pat Dodson
|
0-0: Fly out, F7 (Flyball, 7, EV 90.6 MPH)
|
Batting: RHB Rafael Ramirez
|
0-0: Ball 1-0: Swinging Strike 1-1: Foul Ball, location: 2F 1-2: Ball 2-2: Fly out, F9 (Flyball, 9S, EV 94.4 MPH)
|
Top of the 7th over - 0 runs, 0 hits, 0 errors, 0 left on base; San Juan 4 - Bridgetown 0 |
BOTTOM OF THE 7TH |
Bridgetown Tridents batting - Pitching for San Juan Pitorros : RHP Jim Acker
|
Batting: RHB Dave Meier
|
0-0: Ground out 3-1 (Groundball, 34S, EV 90.0 MPH)
|
Batting: LHB Darryl Strawberry
|
0-0: Called Strike 0-1: Ball 1-1: Swinging Strike 1-2: Ball 2-2: Ball 3-2: Fly out, F8 (Flyball, 78D, EV 87.5 MPH)
|
Batting: RHB Fritzie Connally
|
0-0: Called Strike 0-1: Reached on error, E5 (Groundball, 56S, EV 74.4 MPH)
|
Batting: LHB Paul O'Neill
|
0-0: Called Strike 0-1: Ball 1-1: Ball 2-1: Fielders Choice at 2nd, 6-4 (Groundball, 6, EV 106.9 MPH)
|
Bottom of the 7th over - 0 runs, 0 hits, 1 error, 1 left on base; San Juan 4 - Bridgetown 0 |
TOP OF THE 8TH |
San Juan Pitorros batting - Pitching for Bridgetown Tridents : LHP Jimmy Key
|
Batting: RHB Jim Opie
|
0-0: Ball 1-0: Ball 2-0: Foul Ball, location: 2F 2-1: Ball 3-1: Base on Balls
|
Batting: SHB Dave Cochrane
|
0-0: Foul Ball, location: 2F 0-1: Fly out, F8 (Flyball, 8LS, EV 85.6 MPH)
|
Batting: LHB Franklin Stubbs
|
0-0: Ball 1-0: Foul Ball, location: 2F 1-1: Ball 2-1: Ball 3-1: Base on Balls Jim Opie to second
|
Batting: RHB Chris Brown
|
0-0: Ball 1-0: Ball 2-0: Foul Ball, location: 2F 2-1: Called Strike 2-2: Strikes out swinging
|
Batting: RHB Jose Castro
|
0-0: Ball 1-0: Ball 2-0: Foul Ball, location: 2F 2-1: Foul Ball, location: 2F 2-2: SINGLE (Line Drive, 7S, EV 91.9 MPH) Jim Opie to third Franklin Stubbs to second Runner from 3rd tries for Home, SAFE, throw by LF to home
|
Pitching: RHP Jim Haller
|
|
Batting: RHB Brian Harper
|
0-0: Fly out, F7 (Line Drive, 7, EV 90.6 MPH)
|
Top of the 8th over - 1 run, 1 hit, 0 errors, 2 left on base; San Juan 5 - Bridgetown 0 |
BOTTOM OF THE 8TH |
Bridgetown Tridents batting - Pitching for San Juan Pitorros : RHP Jim Acker
|
Batting: RHB Jose Canseco
|
0-0: Ball 1-0: Called Strike 1-1: Ground out 4-3 (Groundball, 4M, EV 103.1 MPH)
|
Batting: LHB Thad Bosley
|
0-0: Fly out, F8 (Flyball, 78M, EV 91.9 MPH)
|
Batting: SHB Harold Reynolds
|
0-0: Called Strike 0-1: Ball 1-1: Swinging Strike 1-2: Foul Ball, location: 2F 1-2: Ball 2-2: Ground out 1-3 (Groundball, 15S, EV 63.8 MPH)
|
Bottom of the 8th over - 0 runs, 0 hits, 0 errors, 0 left on base; San Juan 5 - Bridgetown 0 |
TOP OF THE 9TH |
San Juan Pitorros batting - Pitching for Bridgetown Tridents : RHP Jim Haller
|
Batting: SHB Kevin King
|
0-0: Ball 1-0: Ball 2-0: Reached on error, E6 (Groundball, 6, EV 84.4 MPH)
|
Batting: LHB Pat Dodson
|
0-0: Called Strike 0-1: Foul Ball, location: 2F 0-2: Strikes out swinging passed ball, reaches first! Kevin King to third
|
Batting: RHB Rafael Ramirez
|
0-0: Fly out, F7 (Flyball, 7LS, EV 86.3 MPH)
|
Batting: RHB Jim Opie
|
0-0: Called Strike 0-1: Ball 1-1: Ball 2-1: Foul Ball, location: 2F 2-2: Ball 3-2: Grounds into double play, 6-4-3 (Groundball, 56, EV 82.5 MPH)
|
Top of the 9th over - 0 runs, 0 hits, 1 error, 1 left on base; San Juan 5 - Bridgetown 0 |
BOTTOM OF THE 9TH |
Bridgetown Tridents batting - Pitching for San Juan Pitorros : RHP Jim Acker
|
Batting: RHB Cal Ripken
|
0-0: TRIPLE (Line Drive, 78XD, EV 110.6 MPH)
|
Batting: RHB Andres Galarraga
|
0-0: Ball 1-0: Fly out, F8 (Flyball, 8RD, EV 102.5 MPH) Runner from 3rd tags up, SCORES, no throw by CF
|
Batting: RHB Dave Meier
|
0-0: Fly out, F8 (Line Drive, 8LD, EV 91.3 MPH)
|
Batting: LHB Darryl Strawberry
|
0-0: Swinging Strike 0-1: Ball 1-1: Swinging Strike 1-2: Ball 2-2: Ground out U3 (Groundball, 34, EV 87.5 MPH)
|
Bottom of the 9th over - 1 run, 1 hit, 0 errors, 0 left on base; San Juan 5 - Bridgetown 1 |
|